AoeStats
← romeo63

Black Forest

510160775Analyzed
4v4 RM · 2d ago on Sep 29, 2026· 46m 20s· 8 players
Game mode
Random Map
Map size
Large (8 player)
Population
200
Speed
Normal
Resources
Standard
Victory
Conquest
Starting age
Dark Age
Ending age
Imperial Age
RankedLock teamsTeams togetherTeam positionsShared explorationLock speedFull tech treeHidden civsTurbo modeCheats
Victory
Defeat
🇨🇳 Turks · China
1074
+14
🇲🇽 Turks · Mexico
1073
+14
🇦🇹 Goths · Austria
1071
+14
🇮🇹 Celts · Italy
1031
+15
🇹🇷 Hindustanis · Türkiye
1139
-19
🇹🇷 Byzantines · Türkiye
1018
-14
🇹🇷 Teutons · Türkiye
962
-12
🇹🇷 Britons · Türkiye
961
-12
zarett
12:03 Feudal Age
16:31 Castle Age
14:48 Double-Bit Axe
14:51 Horse Collar
17:56 Bow Saw
18:51 Fishing Lines
20:51 Gillnets
23:53 Heavy Plow
24:42 Gold Mining
25:49 Forging
28:19 Squires
27:41 Pikeman
27:46 Man-at-Arms
29:10 Iron Casting
28:39 Scale Mail Armor
29:29 Wheelbarrow
28:42 Town Watch
31:11 Caravan
35:19 Imperial Age
32:51 Anarchy
33:14 Chain Mail Armor
32:30 Long Swordsman
34:42 Hand Cart
34:15 Loom
34:31 Town Patrol
34:28 Fletching
34:39 Padded Archer Armor
34:45 Scale Barding Armor
35:46 Halberdier
36:04 Elite Huskarl
36:49 Perfusion
37:57 Blast Furnace
36:56 Bodkin Arrow
38:24 Conscription
Billyboy
11:55 Feudal Age
17:04 Castle Age
23:31 Imperial Age
23:19 Double-Bit Axe
23:26 Gold Mining
30:24 Gold Shaft Mining
31:10 Horse Collar
36:15 Scale Barding Armor
36:21 Forging
36:11 Scale Mail Armor
38:24 Wheelbarrow
38:24 Bloodlines
41:26 Conscription
infernal_AK
0:27 Loom
13:54 Feudal Age
18:11 Castle Age
17:09 Double-Bit Axe
17:08 Horse Collar
19:38 Wheelbarrow
29:43 Caravan
29:32 Pikeman
30:24 Heavy Plow
30:45 Bow Saw
34:20 Imperial Age
33:20 Hand Cart
33:13 Gold Mining
33:13 Stone Mining
34:24 Onager
34:29 Halberdier
35:37 Siege Engineers
36:22 Siege Onager
37:26 Conscription
37:53 Gold Shaft Mining
37:54 Stone Shaft Mining
37:25 Scale Mail Armor
39:05 Furor Celtica
40:46 Forging
40:52 Chain Mail Armor
41:11 Arson
46:04 Iron Casting
45:59 Plate Mail Armor
9630791
9:16 Loom
11:36 Feudal Age
14:31 Double-Bit Axe
16:56 Castle Age
17:09 Bloodlines
17:12 Scale Barding Armor
17:18 Forging
16:50 Horse Collar
22:59 Wheelbarrow
24:21 Fishing Lines
25:14 Heavy Plow
26:31 Bow Saw
26:19 Gold Mining
27:49 Hand Cart
33:21 Imperial Age
31:25 Husbandry
32:01 Stone Mining
33:25 Padded Archer Armor
33:45 Chain Barding Armor
34:01 Iron Casting
33:27 Elite Janissary
36:04 Gold Shaft Mining
36:11 Leather Archer Armor
36:31 Plate Barding Armor
36:03 Artillery
37:40 Blast Furnace
37:22 Conscription
38:09 Ring Archer Armor
39:13 Two-Man Saw
38:44 Heavy Camel Rider
41:09 Fletching
42:49 Ballistics
42:25 Murder Holes
42:33 Bodkin Arrow
45:37 Bombard Tower
romeo63
1:10 Loom
12:01 Feudal Age
15:14 Double-Bit Axe
22:21 Castle Age
22:08 Gold Mining
24:30 Wheelbarrow
25:03 Caravan
25:30 Bow Saw
25:51 Horse Collar
26:42 Scale Barding Armor
30:15 Hand Cart
31:00 Chain Barding Armor
30:51 Forging
35:17 Imperial Age
33:34 Iron Casting
34:49 Fletching
36:48 Plate Barding Armor
37:14 Blast Furnace
35:36 Cavalier
37:27 Chemistry
36:01 Onager
36:34 Heavy Scorpion
37:45 Siege Engineers
38:50 Paladin
hannibal
11:21 Feudal Age
17:03 Castle Age
15:17 Double-Bit Axe
15:16 Horse Collar
19:58 Wheelbarrow
20:46 Loom
21:19 Stone Mining
21:52 Fishing Lines
23:59 Gillnets
24:31 Gold Mining
29:42 Imperial Age
27:37 Bow Saw
28:02 Bloodlines
28:31 Husbandry
28:38 Scale Barding Armor
28:43 Forging
28:55 Grand Trunk Road
29:46 Gold Shaft Mining
29:51 Stone Shaft Mining
29:46 Heavy Camel Rider
30:48 Chain Barding Armor
31:30 Conscription
32:34 Shatagni
33:27 Plate Barding Armor
33:28 Iron Casting
33:34 Caravan
33:15 Imperial Camel Rider
34:20 Ballistics
35:23 Chemistry
34:31 Heavy Plow
35:41 Thumb Ring
36:38 Blast Furnace
39:12 Scale Mail Armor
KingArthur
3:56 Loom
12:59 Feudal Age
18:06 Stone Mining
17:59 Horse Collar
18:12 Gold Mining
21:04 Castle Age
20:15 Double-Bit Axe
20:51 Horse Collar
21:35 Gold Mining
21:43 Stone Mining
22:08 Scale Mail Armor
22:30 Arson
22:32 Gambesons
23:20 Man-at-Arms
24:05 Long Swordsman
27:06 Heavy Plow
27:40 Elite Skirmisher
29:03 Fletching
29:14 Padded Archer Armor
30:16 Forging
39:47 Imperial Age
38:42 Leather Archer Armor
Çalooo
0:32 Loom
11:18 Feudal Age
17:02 Castle Age
15:23 Double-Bit Axe
16:02 Horse Collar
18:10 Wheelbarrow
32:47 Imperial Age
31:28 Elite Skirmisher
32:17 Padded Archer Armor
32:07 Fletching
32:27 Forging
32:18 Scale Mail Armor
32:24 Scale Barding Armor
33:01 Husbandry
33:23 Cavalier
40:09 Ballistics
40:50 Chemistry
41:26 Iron Casting
41:07 Chain Mail Armor
41:12 Chain Barding Armor
41:08 Leather Archer Armor
Connection lost

Rejoining the realm…

Still unreachable

The connection could not be restored.

Session expired

The server has moved on; the page needs a fresh start.